 Dungeon Crawl Stone Soup version 0.27.0-1-g7a089689b8 (webtiles) character file.

Game seed: 1079312259297534263

28 ZARRMARR the Chopper (level 3, -3/33 HPs)
             Began as a Hill Orc Monk on Aug 13, 2021.
             Slain by a gnoll (5 damage)
             ... on level 3 of the Dungeon.
             The game lasted 00:05:33 (1643 turns).

ZARRMARR the Chopper (Hill Orc Monk)                Turns: 1643, Time: 00:05:33

Health: -3/33      AC:  3    Str: 14    XL:     3   Next: 14%
Magic:  3/3        EV: 13    Int: 10    God:
Gold:   49         SH:  0    Dex: 19    Spells: 2/2 levels left

rFire    . . .     SeeInvis .   a - +0 hand axe
rCold    . . .     Faith    .   (no shield)
rNeg     . . .     Spirit   .   b - +1 robe
rPois    .         Reflect  .   (no helmet)
rElec    .         Harm     .   (no cloak)
rCorr    .         Rampage  .   (no gloves)
Will     .....                  (no boots)
Stlth    ++........             (no amulet)
HPRegen  0.11/turn              k - +6 ring of dexterity
MPRegen  0.08/turn              (no ring)

@: no status effects
A: no striking features
a: no special abilities


You were on level 3 of the Dungeon.
You visited 1 branch of the dungeon, and saw 3 of its levels.

You collected 49 gold pieces.

Inventory:

Hand Weapons
 a - a +0 hand axe (weapon)
 g - a +0 club
Missiles
 m - 48 stones (quivered)
Armour
 b - a +1 robe (worn)
Magical Staves
 d - a staff of air
Jewellery
 k - a +6 ring of dexterity (left hand)
Scrolls
 c - 2 scrolls of amnesia {unknown}
 e - a scroll of magic mapping
Potions
 h - 2 potions of might {unknown}
 i - 3 potions of degeneration {unknown}


   Skills:
 + Level 4.1 Fighting
 + Level 4.7 Axes
 + Level 2.6 Dodging
 + Level 1.7 Stealth


You had 2 spell levels left.
You didn't know any spells.
Your spell library contained the following spells:

 Spells                   Type           Power      Damage    Failure   Level
 Blink                    Tloc           N/A        N/A       50%         2
 Manifold Assault         Tloc           0%         N/A       100%        5
 Storm Form               Tmut/Air       0%         N/A       100%        7


Dungeon Overview and Level Annotations

Branches:
Dungeon (3/15)

Altars:

Annotations:
D:2 Sigmund


Message History

Aim: a gnoll, wielding a +0 halberd (lightly wounded, 66% to hit)
You throw a stone. The stone hits the gnoll.
The gnoll is lightly wounded.
Unknown command.
Throw: 51 stones
Press: ? - help, Q - select action Shift-Dir - straight line, f/p - gnoll
Aim: a gnoll, wielding a +0 halberd (lightly wounded, 66% to hit)
Okay, then.
You completely miss the gnoll.
The gnoll is lightly wounded.
The gnoll misses you.
You hit the gnoll.
The gnoll is moderately wounded.
You closely miss the gnoll. The gnoll barely misses you.
The gnoll hits you with a +0 halberd. The gnoll closely misses you.
There is a stone staircase leading up here.
Throw: 51 stones
Press: ? - help, Q - select action Shift-Dir - straight line, f/p - gnoll
Aim: a gnoll, wielding a +0 halberd (moderately wounded, 66% to hit)
You throw a stone.
The stone hits the gnoll but does no damage.
The gnoll is moderately wounded.
The gnoll hits you from afar with a +0 halberd.
Throw: 50 stones
Press: ? - help, Q - select action Shift-Dir - straight line, f/p - gnoll
Aim: a gnoll, wielding a +0 halberd (moderately wounded, 66% to hit)
You throw a stone. The stone barely misses the gnoll.
The gnoll closely misses you. The gnoll misses you.
Unknown command.
Throw: 49 stones
Press: ? - help, Q - select action Shift-Dir - straight line, f/p - gnoll
Aim: a gnoll, wielding a +0 halberd (moderately wounded, 66% to hit)
You throw a stone. The stone barely misses the gnoll.
The gnoll hits you from afar with a +0 halberd!
The gnoll barely misses you.
The gnoll hits you from afar with a +0 halberd!
* * * LOW HITPOINT WARNING * * *
The gnoll hits you from afar with a +0 halberd.
You die...

####### ######## #.....#
#.....@#
##.###.####.####.#####
.....#..........ggg..######
##.#.######.#....#.......g#
##.#.# #.##†#.g#(.### g#
#..#.# #.........(..# g#
#.##.# ######.####.(#.# .#
.....# #......####..#.##.#
)....####..........>...gg.#


You could see 3 gnolls.

Vanquished Creatures
  A dart slug (D:2)
  3 ball pythons (D:1)
  5 endoplasms
  A giant cockroach (D:1)
  3 goblins (D:1)
  A hobgoblin (D:1)
  3 bats
  3 frilled lizards
  2 kobolds
  4 rats (D:1)
26 creatures vanquished.

Notes
Turn   | Place    | Note
-------+----------+-------------------------------------------
     0 | D:1      | ZARRMARR the Hill Orc Monk began the quest for the Orb.
     0 | D:1      | Reached XP level 1. HP: 19/19 MP: 1/1
   236 | D:1      | Reached XP level 2. HP: 24/27 MP: 2/2
   421 | D:1      | Found a faded altar of an unknown god.
  1485 | D:2      | Noticed Sigmund
  1528 | D:3      | Reached XP level 3. HP: 33/33 MP: 3/3
  1642 | D:3      | HP: 1/33 [gnoll (12)]
  1643 | D:3      | Slain by a gnoll

Illustrated notes

Levels and vault maps discovered:
D:1:      sevenhm_arrival_forest_fort_large_2, layout_rooms,
          hellmonk_ecumenical_altar_crossroads
D:2:      layout_basic, uniq_sigmund
D:3:      layout_loops_cross

Skill      XL: |  1  2 |
---------------+-------+-----
Fighting       | 4 |  4.1
Axes           | |  4.7
Dodging        | |  2.6
Stealth        | |  1.7

Action                   || total
-------------------------++-------
Melee: Hand axe          ||    69
Throw: Stone             ||     6
  Use: Scroll            ||     6
 Stab: Sleeping          ||     7
Armor: Robe              ||     8
Dodge: Dodged            ||    33
